Unix NetHack Version 5.0.0-0 post-release - last build May 23 2026 06:08:33 (1c0ff79ee797540d5714e4e18072db0edd9e58ae,branch:main).

Game began 2026-05-24 01:30:11, ended 2026-05-24 02:04:48.

DeathOnAStick, neutral male human Tourist

                                                                   #
                                                             ---------------
    ------------                                         ####..........<...|
    |          |                                         #   |.............|
    |          |                                         #   |.............|
    |    >     |               #######                   #   |.............|
    ---.------.-            ####-----.----------       ###   ----------|----
       ######################   |              |       #             ###
            ###                 |              .###    #             #
            #         -----     |              | #######             #
         # ##         |  {|#####.              .##    #           ####
      -----.----     #.   |#    ----------------      ###     #####
      |      { |     #|   |                             #     #
      |        |    ##|   |                                  -@------------
      |        .##### -----                                  |@.f=........|
      |        |                                             |(.!/........|
      ----------                                             |!?.]........|
                                                             |!!]..=....$.|
                                                             |..%%%%.....=|
                                                             --------------

DeathOnAStick the Sightseer  St:11 Dx:11 Co:14 In:13 Wi:10 Ch:16  Neutral S:518
Dlvl:4  $:0  HP:0(25) Pw:12(12) AC:7  Xp:3/72 T:2784 

Latest messages:
 You stop.  Fido is in the way!
 Fido2 drops a lock pick.
 Fido2 picks up a lock pick.
 What do you want to throw? [$abI or ?*] t
 In what direction? j
 The tripe ration misses Wonotobo.
 Fido2 eats a tripe ration.
 Are you waiting to get hit?  Use 'm' prefix to force a no-op (to rest).
 Are you waiting to get hit?  Use 'm' prefix to force a no-op (to rest).
 Are you waiting to get hit?  Use 'm' prefix to force a no-op (to rest).
 Are you waiting to get hit?  Use 'm' prefix to force a no-op (to rest).
 Are you waiting to get hit?  Use 'm' prefix to force a no-op (to rest).
 Are you waiting to get hit?  Use 'm' prefix to force a no-op (to rest).
 Are you waiting to get hit?  Use 'm' prefix to force a no-op (to rest).
 Are you waiting to get hit?  Use 'm' prefix to force a no-op (to rest).
 Are you waiting to get hit?  Use 'm' prefix to force a no-op (to rest).
 Are you waiting to get hit?  Use 'm' prefix to force a no-op (to rest).
 Are you waiting to get hit?  Use 'm' prefix to force a no-op (to rest).
 Wonotobo zaps a runed wand!
 You stop waiting.
 The wand misses you.
 The wand hits Fido!
 Are you waiting to get hit?  Use 'm' prefix to force a no-op (to rest).
 Are you waiting to get hit?  Use 'm' prefix to force a no-op (to rest).
 Are you waiting to get hit?  Use 'm' prefix to force a no-op (to rest).
 Are you waiting to get hit?  Use 'm' prefix to force a no-op (to rest).
 Are you waiting to get hit?  Use 'm' prefix to force a no-op (to rest).
 Are you waiting to get hit?  Use 'm' prefix to force a no-op (to rest).
 Are you waiting to get hit?  Use 'm' prefix to force a no-op (to rest).
 Are you waiting to get hit?  Use 'm' prefix to force a no-op (to rest).
 Are you waiting to get hit?  Use 'm' prefix to force a no-op (to rest).
 Are you waiting to get hit?  Use 'm' prefix to force a no-op (to rest).
 Fido2 drops a lock pick.
 Wonotobo zaps a wand of striking!
 You stop waiting.
 The wand hits you!
 You hear the wailing of the Banshee...
 The wand hits Fido!
 Wonotobo is after your hide, not your gold!
 You try to appease the angry Wonotobo by giving her 1000 gold pieces.
 But Wonotobo is as angry as ever.
 Wonotobo zaps a wand of striking!
 The wand hits you!
 You die...
 Wonotobo takes all your possessions.
 Do you want to see what you had when you died? [ynq] (y) y
 Do you want to see your attributes? [ynq] (y) y
 Do you want an account of creatures vanquished? [ynaq] (y) y
 Do you want to see your conduct and achievements? [ynq] (y) y
 Do you want to see the dungeon overview? [ynq] (y) y

Inventory:
 Weapons  (')')
  b - 19 +2 darts (at the ready)
  I - 5 +0 darts
  a - 2 +0 orcish daggers (wielded)
 Armor    ('[')
  N - an uncursed rusty +0 orcish helm (being worn)
  p - an uncursed +0 studded leather armor (being worn)
 Comestibles  ('%')
  c - 4 uncursed randomfruits
  f - 2 uncursed cream pies
  M - 4 uncursed food rations
  o - an uncursed fortune cookie
  H - an uncursed pancake
  d - 2 uncursed pears
  e - an uncursed egg
 Scrolls  ('?')
  r - an uncursed scroll of amnesia
  n - an uncursed scroll of confuse monster
  i - an uncursed scroll of magic mapping
  Z - an uncursed scroll of teleportation
 Potions  ('!')
  A - a blessed potion of extra healing
  g - 2 uncursed potions of extra healing
  Q - 2 uncursed potions of healing
 Wands    ('/')
  y - a wand of fire (0:7)
  u - a wand of magic missile (0:5)
  C - a wand of polymorph (0:5)
  E - a wand of slow monster (0:4)
 Tools    ('(')
  x - an uncursed credit card
  v - an expensive camera (0:59)
  s - an uncursed towel
  P - an uncursed partly used wax candle
 Gems/Stones  ('*')
  S - an uncursed worthless piece of violet glass
  m - an uncursed worthless piece of white glass

DeathOnAStick the Tourist's attributes:

Background:
 You were a Sightseer, a level 3 male human Tourist.
 You were neutral, on a mission for The Lady
 who was opposed by Blind Io (lawful) and Offler (chaotic).
 You were right-handed.
 You were in the Dungeons of Doom, on level 4.
 You entered the dungeon 2784 turns ago.
 It was nighttime.
 You had 72 experience points, 8 more were needed to attain level 4.
 Your score was 518 before end-of-game adjustments.

Basics:
 You had 0 out of 25 hit points.
 You had all 12 energy points (spell power).
 Your armor class was 7.
 Your wallet was empty.
 Autopickup was off.

Final Characteristics:
 Your strength was 11 (limit:18/100).
 Your dexterity was 11 (limit:18).
 Your constitution was 14 (limit:18).
 Your intelligence was 13 (limit:18).
 Your wisdom was 10 (limit:18).
 Your charisma was 16 (limit:18).

Final Status:
 You weren't hungry.
 You were unencumbered.
 You were wielding daggers.
 You were unskilled in dagger.

Final Attributes:
 You were devoutly aligned.
 You were warded.
 You are dead.

Miscellaneous:
 You didn't encounter any bones levels.
 Total elapsed playing time was 34 minutes and 34 seconds.

Major events:
 Turn
    1: DeathOnAStick the neutral male human Tourist entered the dungeon
  993: entered the Gnomish Mines
 1002: attained the rank of Sightseer (level 3)
 2784: killed by a wand

You didn't know any spells.

Skills:
 Fighting Skills
   bare handed combat [Unskilled]
   two weapon combat  [Unskilled]
   riding             [Unskilled]
 Weapon Skills
   dagger             [Unskilled]
   knife              [Unskilled]
   axe                [Unskilled]
   pick-axe           [Unskilled]
   short sword        [Unskilled]
   broadsword         [Unskilled]
   long sword         [Unskilled]
   two-handed sword   [Unskilled]
   saber              [Unskilled]
   mace               [Unskilled]
   morning star       [Unskilled]
   flail              [Unskilled]
   hammer             [Unskilled]
   quarterstaff       [Unskilled]
   polearms           [Unskilled]
   spear              [Unskilled]
   trident            [Unskilled]
   lance              [Unskilled]
   bow                [Unskilled]
   sling              [Unskilled]
   crossbow           [Unskilled]
   dart               [Basic]
   shuriken           [Unskilled]
   boomerang          [Unskilled]
   whip               [Unskilled]
   unicorn horn       [Unskilled]
 Spellcasting Skills
   divination spells  [Unskilled]
   enchantment spells [Unskilled]
   escape spells      [Unskilled]

Voluntary challenges:
 Character rerolling was not enabled.
 You followed a strict vegan diet.
 You never genocided any monsters.
 You never polymorphed an object.
 You never changed form.
 You used no wishes.
Achievements:
 You entered a shop.
 You entered the Gnomish Mines.
 You attained the rank of Sightseer.

 The Dungeons of Doom: levels 1 to 4
    Level 1:
       A fountain.
    Level 2:
       A general store, an altar.
       Stairs down to The Gnomish Mines.
    Level 3:
       A fountain, a sink.
    Level 4: <- You were here.
       A general store, a fountain, a sink.
       Final resting place for
          you, killed by a wand.
 The Gnomish Mines:
    Level 3:


Vanquished creatures:
  a giant bat
 an orc zombie
 an iguana
  a manes
  a large kobold
  4 cave spiders
  3 gnomes
  a gnome zombie
  a gecko
  4 jackals
  3 foxes
  a kobold
  3 goblins
  3 grid bugs
  a kobold zombie
  3 newts
32 creatures vanquished.

No species were genocided or became extinct.

Game over:
                       ----------
                      /          \
                     /    REST    \
                    /      IN      \
                   /     PEACE      \
                  /                  \
                  |  DeathOnAStick   |
                  |       0 Au       |
                  | killed by a wand |
                  |                  |
                  |                  |
                  |                  |
                  |       2026       |
                 *|     *  *  *      | *
        _________)/\\_//(\/(/\)/\//\/|_)_______

Aloha DeathOnAStick the Tourist...

You died in The Dungeons of Doom on dungeon level 4 with 518 points,
and 0 pieces of gold, after 2784 moves.
You were level 3 with a maximum of 25 hit points when you died.

